 Dungeon Crawl Stone Soup version 0.17-a0-1420-geb41feb (webtiles) character file.

91 Kisielow the Slasher (level 4, 0/40 HPs)
             Began as a Minotaur Fighter on June 24, 2015.
             Slain by Sigmund
             ... wielding a +5 scythe of slicing
              (12 damage)
             ... on level 3 of the Dungeon.
             The game lasted 00:02:56 (1916 turns).

Kisielow the Slasher (Minotaur Fighter)             Turns: 1916, Time: 00:02:56

Health: 0/40       AC:  9    Str: 27    XL:     4   Next: 33%
Magic:  3/3        EV:  6    Int:  5    God:
Gold:   207        SH: 10    Dex:  9    Spells: 0 memorised, 3 levels left

rFire  . . .     SeeInvis .     a - +0 long sword
rCold  . . .     Clarity  .     n - +0 chain mail
rNeg   . . .     SustAt   .     c - +0 shield
rPois  .         Gourm    .     (helmet restricted)
rElec  .         Spirit   .     (no cloak)
rCorr  .         Warding  .     (no gloves)
rMut   .         Stasis   .     (no boots)
MR     .....                    (no amulet)
Stlth  ..........               (no ring)
                                (no ring)

@: mighty, not resistant to hostile enchantments, extremely unstealthy
A: retaliatory headbutt, horns 2
a: no special abilities


You were on level 3 of the Dungeon.
You were not hungry.

You visited 1 branch of the dungeon, and saw 3 of its levels.

You collected 207 gold pieces.

Inventory:

Hand weapons
 a - a +0 long sword (weapon)
Armour
 c - a +0 shield (worn)
 n - a +0 chain mail (worn)
Scrolls
 f - 8 scrolls of identify {unknown}
 h - 2 scrolls of remove curse {unknown}
 j - a scroll of enchant weapon {unknown}
 l - 3 scrolls of fear {unknown}
 m - a scroll of teleportation {unknown}
 o - a scroll of magic mapping {unknown}
 p - a scroll of enchant armour {unknown}
Potions
 d - a potion of might
 i - 3 potions of curing {unknown}
 q - a potion of magic {unknown}
Comestibles
 b - 7 chunks of flesh
 e - 2 bread rations
 g - 2 fruits
 k - a slice of pizza


   Skills:
 + Level 3.7 Fighting
 + Level 5.0 Long Blades
 + Level 3.9 Armour
 + Level 3.9 Shields


You had 3 spell levels left.
You didn't know any spells.

Dungeon Overview and Level Annotations

Branches:
Dungeon (3/15)

Altars:
Dithmenos
Gozag
Zin

Annotations:
D:3 Sigmund


Innate Abilities, Weirdness & Mutations

You reflexively headbutt those who attack you in melee.
You have a pair of horns on your head.


Message History

Deactivating autopickup; reactivate with Ctrl-A.
No target in view!
No target in view!
No target in view!
No target in view!
No target in view!
No target in view!
No target in view!
No target in view!
No target in view!
No target in view!
No target in view!
You hit something. Your headbutt misses something.
You hear some strange, mumbled words.
A puff of flame appears from out of thin air!
The puff of flame hits you!
* * * LOW HITPOINT WARNING * * *
You block its attack.
You closely miss something. Your headbutt misses something. Something hits you!
You die...

#..........# #..# ..#
#..........# #..### #...
#..........# .... ....
#..........####.# .....
####............###.....
#......######..?.....
#......######........
#......'...##........
#......###.##@.....##
#......# #.##{.....#
#......# #.#.......#
#......# #.#.......#
######## #.#.......#
#.#.......# #.#........#
#.#........# ###.#


There were no monsters in sight!

Vanquished Creatures
  2 adders
  An ooze (D:3)
  2 worms (D:2)
  A giant gecko (D:2)
  7 bats
  4 giant cockroaches
  11 hobgoblins
  2 quokkas
  A ball python (D:1)
  6 giant newts
  10 jackals (D:2)
  7 kobolds
  5 rats
59 creatures vanquished.

Notes
Turn   | Place    | Note
--------------------------------------------------------------
     0 | D:1      | Kisielow the Minotaur Fighter began the quest for the Orb.
     0 | D:1      | Reached XP level 1. HP: 19/19 MP: 0/0
   209 | D:1      | Reached XP level 2. HP: 26/26 MP: 1/1
   706 | D:2      | Reached skill level 4 in Long Blades
   987 | D:2      | Reached XP level 3. HP: 25/31 MP: 2/2
  1301 | D:2      | Found a shadowy altar of Dithmenos.
  1322 | D:2      | Reached skill level 5 in Long Blades
  1466 | D:2      | Reached XP level 4. HP: 37/40 MP: 3/3
  1797 | D:3      | Found a glowing silver altar of Zin.
  1797 | D:3      | Found an opulent altar of Gozag.
  1904 | D:3      | Noticed Sigmund
  1916 | D:3      | Slain by Sigmund

Vault maps used:
D:1:      enne_arrival_octagon_isle, serial_bayou_pond_e
D:2:      first_bread, st_stairs_4, dk_noncrumbling_4,
          nicolae_dithmenos_through_a_glass_darkly
D:3:      grunt_temple_overflow_gold_and_silver,
          gammafunk_temple_overflow_forgotten, nicolae_tso_swordbearing_angel,
          uniq_sigmund

Action                   |  1- 3 |  4- 6 || total
-------------------------+-------+-------++-------
Melee: Long sword        |   109 |    21 ||   130
  Use: Potion            |       |     1 ||     1
  Eat: Chunk             |     2 |       ||     2
       Fruit             |       |     1 ||     1
